 Dungeon Crawl Stone Soup version 0.29-a0-802-g34511f41fd (webtiles) character file.

Game seed: 10544635392506318186

73186 wilfster70 the Spear-Bearer (level 15, -22/100 HPs)
             Began as a Merfolk Ice Elementalist on July 2, 2022.
             Was a High Priest of Vehumet.
             Annihilated by Donald
             ... wielding a +1 scimitar of freezing
              (31 damage)
             ... on level 2 of the Orcish Mines on July 3, 2022.
             The game lasted 01:09:41 (29520 turns).

wilfster70 the Spear-Bearer (MfIE)                 Turns: 29520, Time: 01:09:41

Health: -22/100    AC: 18    Str: 10    XL:     15   Next: 42%
Magic:  26/26      EV: 19    Int: 20    God:    Vehumet [*****.]
Gold:   2532       SH:  5    Dex: 17    Spells: 2/28 levels left

rFire   . . .      SeeInvis .   a - +9 demon trident (elec)
rCold   . . .      Faith    .   (no shield)
rNeg    . . .      Spirit   .   F - +0 steam dragon scales
rPois   .          Reflect  +   v - +0 helmet
rElec   .          Harm     .   y - +0 cloak {Will+}
rCorr   .          Rampage  .   S - +1 pair of gloves of Axyrph {Dex+2}
Will    ++...                   Q - +2 pair of boots
Stlth   ++........              e - amulet of reflection
HPRegen 0.26/turn               m - +4 ring of protection
MPRegen 0.20/turn               x - +4 ring of evasion

@: about to teleport, freezing walls, hasted, very quick
A: (nimble swimmer 2), mertail
a: Renounce Religion


You were on level 2 of the Orcish Mines.
You worshipped Vehumet.
Vehumet was extremely pleased with you.
You visited 3 branches of the dungeon, and saw 20 of its levels.
You also visited: Sewer and Bailey.

You collected 2812 gold pieces.
You spent 280 gold pieces at shops.

Inventory:

Hand Weapons
 a - a +9 demon trident of electrocution (weapon)
 b - a +5 sling
Missiles
 s - 63 poisoned darts
 A - 21 boomerangs
 D - 8 datura-tipped darts
 L - 2 throwing nets
Armour
 v - a +0 helmet (worn)
 y - a +0 cloak of willpower (worn)
 F - +0 steam dragon scales (worn)
 J - a +0 kite shield
 Q - a +2 pair of boots (worn)
 S - the +1 pair of gloves of Axyrph (worn) {Dex+2}
   (You acquired it on level 12 of the Dungeon)

   Dex:       It affects your dexterity (+2).
Magical Staves
 E - a staff of cold
Jewellery
 e - an amulet of reflection (around neck)
 m - a +4 ring of protection (left hand)
 w - the amulet "Ununlaus" {Faith *Corrode +Blink Str+7}
   (You found it on level 4 of the Dungeon)

   [amulet of faith]

   It allows you to gain divine favour quickly.
   Str:       It affects your strength (+7).
   +Blink:    It lets you blink.
   *Corrode:  It may corrode you when you take damage.
 x - a +4 ring of evasion (right hand)
 I - an amulet of guardian spirit
 K - a ring of poison resistance
Wands
 q - a wand of charming (3)
 B - a wand of polymorph (14)
 G - a wand of mindburst (16)
 N - a wand of flame (33)
 R - a wand of digging (3)
 U - a wand of iceblast (9)
 V - a wand of quicksilver (8)
Scrolls
 c - a scroll of blinking
 n - 3 scrolls of fear
 r - 3 scrolls of identify
 C - a scroll of fog
 M - 6 scrolls of teleportation
 O - a scroll of silence
 P - 2 scrolls of magic mapping
 T - a scroll of summoning
Potions
 d - 3 potions of magic
 f - 9 potions of flight
 h - 4 potions of cancellation
 i - 5 potions of resistance
 j - 5 potions of brilliance
 k - 4 potions of attraction
 l - 5 potions of mutation
 o - 3 potions of ambrosia
 t - a potion of invisibility
 u - 4 potions of haste
 z - 6 potions of curing
 H - 2 potions of might
Miscellaneous
 g - a condenser vane


   Skills:
 - Level 4.1 Fighting
 - Level 14.0 Polearms
 - Level 6.0 Armour
 - Level 6.0 Dodging
 - Level 2.1 Stealth
 - Level 7.7 Shields
 - Level 7.4 Spellcasting
 - Level 9.3 Conjurations
 - Level 6.0 Translocations
 + Level 11.4 Transmutations
 - Level 6.0 Ice Magic
 * Level 10.6 Earth Magic


You had 2 spell levels left.
You knew the following spells:

 Your Spells              Type           Power      Damage    Failure   Level
a - Iskenderun's Mystic   Conj/Tloc      38%        2d9       1%          4
b - Frozen Ramparts       Ice            62%        1d8       1%          3
c - Ozocubu's Armour      Ice            31%        N/A       2%          3
d - Stone Arrow           Conj/Erth      94%        3d12      1%          3
e - Orb of Destruction    Conj           22%        9d8       38%         7
f - Statue Form           Tmut/Erth      34%        N/A       16%         6

Your spell library contained the following spells:

 Spells                   Type           Power      Damage    Failure   Level
 Iron Shot                Conj/Erth      23%        9d5       7%          6
 Freeze                   Ice            100%       1d11      1%          1
 Summon Small Mammal      Summ           28%        N/A       9%          1
 Dazzling Flash           Conj/Hex       52%        N/A       1%          3
 Hailstorm                Conj/Ice       38%        3d9       1%          4
 Irradiate                Conj/Tmut      24%        3d21      1%          5
 Lee's Rapid Deconstruct  Erth           24%        3d14*     1%          5
 Blade Hands              Tmut           26%        N/A       2%          5
 Fulminant Prism          Conj/Hex       13%        3d9       3%          4
 Yara's Violent Unravell  Hex/Tmut       15%        3d8       7%          5
 Leda's Liquefaction      Hex/Erth       14%        N/A       10%         4
 Call Canine Familiar     Summ           7%         N/A       26%         3
 Confusing Touch          Hex            7%         N/A       26%         3
 Summon Guardian Golem    Hex/Summ       7%         N/A       26%         3
 Starburst                Conj/Fire      13%        6d5       45%         6
 Dragon Form              Tmut           26%        N/A       56%         7
 Dispersal                Tloc           15%        N/A       75%         6
 Enfeeble                 Hex            3%         N/A       100%        7
 Disjunction              Tloc           15%        N/A       100%        8


Dungeon Overview and Level Annotations

Branches:
Dungeon (12/15)            Temple (0/1) D:7            Lair (6/6) D:8
 Shoals (0/4) Lair:3       Spider (0/4) Lair:4        Slime (0/5) Lair:5
    Orc (2/2) D:11            Elf (0/3) Orc:2         Sewer (visited)
 Bailey (visited)

Altars:
Cheibriados
Dithmenos
Hepliaklqana
Trog
Uskayaw
Vehumet
Zin
The Shining One
Jiyva

Shops:
D:3 [[([?   D:5 !

Portals:
Trove: D:10 (give 8 scrolls of fear)

Annotations:
D:3 3 runed translucent doors, exclusion: statue, jazmu's ghost, amateur GrEE
D:11 2 transporters, acepyromaniac2's ghost, journeyman GrGl
Lair:6 4 runed translucent doors, Fod Zemyr's ghost, journeyman FeSu
Orc:2 Donald


Innate Abilities, Weirdness & Mutations

((You are very nimble when in or above water. (Stealth+, EV+, Speed+++)))
Your lower body shifts to a powerful aquatic tail in water.


Message History

The wall freezes something.
The wall freezes the troll!
The orc high priest utters an invocation to Beogh.
The wall freezes the orc warrior.
The wall freezes the orc priest!
The wall freezes something!
Vehumet accepts your kill.
You feel your power returning.
Reactivating autopickup.
You feel a bit more experienced.
The wall freezes Donald.
Donald says, "Have you ever seen an orcish miner?
Me neither."
Donald hits you but does no damage. Donald blocks your attack.
Donald is lightly wounded.
The wall freezes the orc priest.
You kill the orc priest!
Vehumet accepts your kill.
You feel your power returning.
The wall freezes the orc warrior.
The wall freezes the troll.
The orc priest mumbles some strange prayers to Beogh against you.
Beogh smites you!
* * * LOW HITPOINT WARNING * * *
The wall freezes something!
Vehumet accepts your kill.
You feel a bit more experienced.
The orc priest calls upon Beogh to heal the orc warrior.
The orc warrior is healed somewhat.
Okay, then.
Unknown command.
As you read the scroll of fear, it crumbles to dust.
You assume a fearsome visage.
The rust devil resists with some effort.
The orc high priest looks frightened!
The orc priest looks frightened! x2
Donald resists with almost no effort.
The orc warrior looks frightened!
The troll looks frightened!
The wall freezes Donald.
Donald says, "I hate hellfire."
Donald gestures wildly while chanting.
Donald seems to grow stronger.
As you read the scroll of teleportation, it crumbles to dust.
You feel strangely unstable.
The wall freezes Donald.
Donald hits you with a +1 scimitar of freezing!!
You die...

..............).....###.........#
.................#.###....##...##
.........##......### ##..##.....#
#...#...#####...## ##...#......#
........###....## #..........##
#####.........## ##....#.....#
##.......#### #.....##....#
##.......#@## #....###.#.##
#....#.)To@# ##.####....##
#.....).))## ### ##....#
#..#.oo)### ###.## #..o..### ###
#....#. ....... .. ....... ...
....... ..#. ..#...# .####


You could see Donald (fast, strong), an orc high priest (fleeing), a troll
(fleeing), an orc warrior (fleeing) and 2 orc priests.

Vanquished Creatures
  Rupert (Lair:5)
  Jorgrun (D:11)
  A minotaur (D:11)
  Snorg (D:12)
  Josephine (D:11)
  2 boulder beetles (D:11)
  Harold (Lair:2)
  An ogre mage (Orc:2)
  2 catoblepae
  9 hydras
  6 two-headed ogres
  3 orc high priests
  Sonja (Lair:1)
  2 lindwurms (Lair:6)
  4 orc knights
  A deep elf pyromancer (D:12)
  2 ugly things (D:12)
  An orc sorcerer (Orc:1)
  2 cyclopes
  4 elephants (Lair:5)
  7 black mambas
  A gargoyle (D:11)
  7 torpor snails
  12 cane toads
  A rime drake (Lair:5)
  8 komodo dragons
  6 trolls
  12 polar bears
  11 blink frogs
  4 tyrant leeches (Lair:6)
  7 slime creatures
  A raiju (Lair:6)
  8 hornets
  Sigmund (D:4)
  A jumping spider (Lair:4)
  5 wyverns
  A shadow (D:12)
  42 yaks
  Eustachio (D:4)
  3 steam dragons
  5 wraiths
  2 culicivoras (Lair:4)
  5 basilisks
  2 redbacks (Lair:4)
  4 vampire mosquitoes
  7 wargs
  7 water moccasins
  14 hell hounds (Lair:6)
  4 ice beasts
  25 orc warriors
  14 black bears
  7 ogres
  40 wolves
  5 centaurs
  2 phantoms
  Blork the orc (D:9)
  9 kobold brigands
  13 bullfrogs
  2 necrophages
  2 gnoll sergeants
  4 scorpions
  10 wights
  24 killer bees
  3 electric eels
  6 hounds
  4 jellies
  23 orc priests
  Crazy Yiuf (D:4)
  2 iguanas (D:4)
  Natasha (D:2)
  29 orc wizards
  11 hell rats
  10 gnolls
  2 river rats (Sewer)
  16 adders
  2 shadow imps
  2 worms (D:2)
  2 dart slugs
  70 orcs
  16 endoplasms
  4 giant cockroaches
  9 goblins
  5 hobgoblins
  4 jackals (Sewer)
  23 kobolds
  6 quokkas
  13 ball pythons
  3 bats
  3 frilled lizards
  6 rats
669 creatures vanquished.

Vanquished Creatures (others)
  A yak (Lair:3)
  27 fungi
  76 plants
104 creatures vanquished.

Grand Total: 773 creatures vanquished

Notes
Turn   | Place    | Note
-------+----------+-------------------------------------------
     0 | D:1      | wilfster70 the Merfolk Ice Elementalist began the quest for
                  | the Orb.
     0 | D:1      | Reached XP level 1. HP: 13/13 MP: 3/3
   299 | D:1      | Reached XP level 2. HP: 5/19 MP: 0/5
   672 | D:1      | Reached skill level 5 in Ice Magic
   951 | D:1      | Reached XP level 3. HP: 23/24 MP: 2/6
   961 | D:1      | Learned a level 3 spell: Frozen Ramparts
  1422 | D:2      | Learned a level 3 spell: Ozocubu's Armour
  1550 | D:2      | Reached XP level 4. HP: 15/30 MP: 2/8
  2018 | D:2      | Found a glowing golden altar of the Shining One.
  2018 | D:2      | Noticed Natasha
  2024 | D:2      | Killed Natasha
  2025 | D:2      | Reached XP level 5. HP: 29/35 MP: 5/10
  2729 | D:3      | Found Otiar's Armour Shoppe.
  2747 | D:3      | Bought a +0 pair of gloves for 63 gold pieces
  2847 | D:3      | Identified the +4 scale mail "Lucamun" {Drain Regen+ Slay+5
                  | SInv}
  2945 | D:3      | Found Ynwoc's Weapon Boutique.
  2971 | D:3      | Found a runed translucent gate.
  2996 | D:3      | Found Utunicu's Armour Shop.
  3040 | D:3      | Found a faded altar of an unknown god.
  3121 | D:3      | Found a glowing drain.
  3142 | Sewer    | Entered a sewer
  3148 | Sewer    | Noticed a kobold brigand
  3229 | Sewer    | Killed a kobold brigand
  3230 | Sewer    | Reached XP level 6. HP: 30/41 MP: 8/13
  3544 | Sewer    | Reached skill level 5 in Spellcasting
  3958 | Sewer    | Reached XP level 7. HP: 45/46 MP: 12/15
  4098 | D:3      | Found Peerash's Antique Armour Shoppe.
  4106 | D:3      | Bought a helmet for 99 gold pieces
  4111 | D:3      | Found Ceirgh's Magic Scroll Shop.
  4118 | D:3      | Bought a scroll of noise for 14 gold pieces
  4172 | D:3      | Found a runed translucent gate.
  4172 | D:3      | Found a runed translucent gate.
  4173 | D:3      | Noticed jazmu's ghost (amateur GrEE)
  4186 | D:3      | Found a radiant altar of Vehumet.
  4194 | D:3      | Became a worshipper of Vehumet
  4537 | D:4      | Reached skill level 1 in Polearms
  4538 | D:4      | Noticed Eustachio
  4542 | D:4      | Reached skill level 2 in Polearms
  4559 | D:4      | Killed Eustachio
  4560 | D:4      | Reached skill level 4 in Polearms
  4667 | D:4      | Identified the amulet "Ununlaus" {Faith *Corrode +Blink
                  | Str+7}
  4788 | D:4      | Found a runed translucent door.
  4789 | D:4      | Noticed Crazy Yiuf
  4852 | D:4      | Killed Crazy Yiuf
  4940 | D:4      | Identified a scroll of acquirement
  4940 | D:4      | Acquired a +5 demon trident of electrocution
  4986 | D:4      | Noticed Sigmund
  4994 | D:4      | Killed Sigmund
  4995 | D:4      | Reached skill level 6 in Polearms
  4995 | D:4      | Reached XP level 8. HP: 48/52 MP: 13/17
  5245 | D:4      | Reached * piety under Vehumet
  5245 | D:4      | Offered knowledge of Shock by Vehumet.
  5249 | D:4      | Reached skill level 7 in Polearms
  5503 | D:5      | Entered Level 5 of the Dungeon
  5525 | D:5      | Reached skill level 8 in Polearms
  5792 | D:5      | Found Kuakuh's Distillery.
  5800 | D:5      | Bought a potion of curing for 39 gold pieces
  5800 | D:5      | Bought a potion of heal wounds for 65 gold pieces
  6011 | D:5      | Reached skill level 9 in Polearms
  6813 | D:5      | Reached skill level 10 in Polearms
  6969 | D:5      | Reached skill level 11 in Polearms
  6969 | D:5      | Reached XP level 9. HP: 45/57 MP: 14/18
  7117 | D:6      | Reached ** piety under Vehumet
  7118 | D:6      | Reached skill level 12 in Polearms
  7121 | D:6      | Offered knowledge of Static Discharge by Vehumet.
  7561 | D:6      | Reached skill level 13 in Polearms
  7668 | D:6      | Found a hide-covered altar of Uskayaw.
  7950 | D:6      | Reached skill level 14 in Polearms
  8069 | D:6      | Reached skill level 1 in Fighting
  8171 | D:7      | Offered knowledge of Stone Arrow by Vehumet.
  8180 | D:7      | Learned a level 3 spell: Stone Arrow
  8185 | D:7      | Reached XP level 10. HP: 71/71 MP: 16/19
  8331 | D:7      | Reached skill level 1 in Conjurations
  8336 | D:7      | Reached *** piety under Vehumet
  8623 | D:7      | Found a staircase to the Ecumenical Temple.
  9088 | D:8      | Offered knowledge of Iskenderun's Mystic Blast by Vehumet.
  9095 | D:8      | Learned a level 4 spell: Iskenderun's Mystic Blast
  9137 | D:8      | Found a staircase to the Lair.
  9579 | D:8      | Found a snail-covered altar of Cheibriados.
  9732 | D:9      | Reached skill level 5 in Conjurations
  9822 | D:9      | Found a glowing silver altar of Zin.
  9824 | D:9      | Found a hazy altar of Hepliaklqana.
  9845 | D:9      | Got the Papyrus of Battle Magic
  9918 | D:9      | Paralysed by a hornet for 3 turns
  9923 | D:9      | Reached **** piety under Vehumet
 10078 | D:9      | Noticed a two-headed ogre
 10089 | D:9      | Killed a two-headed ogre
 10097 | D:9      | Noticed Blork the orc
 10150 | D:9      | Found a flagged portal.
 10152 | D:9      | Offered knowledge of Inner Flame by Vehumet.
 10159 | Bailey   | Entered a bailey
 10239 | Bailey   | Reached XP level 11. HP: 41/77 MP: 20/20
 10521 | Bailey   | Noticed an orc knight
 10627 | Bailey   | Killed an orc knight
 10628 | Bailey   | Reached skill level 5 in Armour
 10847 | Bailey   | Found an iron altar of Okawaru.
 10910 | D:9      | Upgraded the game from 0.29-a0-789-g7a8fcbc185 to
                  | 0.29-a0-802-g34511f41fd
 10996 | D:9      | Killed Blork the orc
 11282 | D:9      | Found a shadowy altar of Dithmenos.
 11321 | D:10     | Entered Level 10 of the Dungeon
 11664 | D:10     | Found a portal to a secret trove of treasure.
 11777 | D:10     | Reached skill level 1 in Shields
 12206 | D:10     | Noticed a two-headed ogre
 12224 | D:10     | Identified the +8 chain mail of Wonder {rC+}
 12266 | D:10     | Killed a two-headed ogre
 12394 | D:10     | Reached skill level 5 in Shields
 12394 | D:10     | Reached ***** piety under Vehumet
 12543 | Lair:1   | Entered Level 1 of the Lair of Beasts
 12543 | Lair:1   | Noticed Sonja
 12545 | Lair:1   | Killed Sonja
 12724 | Lair:1   | Offered knowledge of Orb of Destruction by Vehumet.
 12728 | Lair:1   | Reached XP level 12. HP: 62/83 MP: 21/21
 12743 | Lair:1   | Learned a level 7 spell: Orb of Destruction
 12946 | Lair:1   | Reached skill level 1 in Translocations
 13718 | Lair:2   | Noticed Harold
 13749 | Lair:2   | Killed Harold
 13762 | Lair:2   | Reached skill level 5 in Translocations
 13762 | Lair:2   | Noticed a five-headed hydra
 13933 | Lair:2   | Killed a five-headed hydra
 14147 | Lair:2   | Noticed a five-headed hydra
 14154 | Lair:2   | Killed a five-headed hydra
 15248 | Lair:3   | Noticed a seven-headed hydra
 15266 | Lair:3   | Killed a seven-headed hydra
 15529 | Lair:3   | Reached XP level 13. HP: 88/88 MP: 18/22
 15967 | Lair:3   | Found a staircase to the Shoals.
 16476 | Lair:3   | Reached skill level 5 in Dodging
 16993 | Lair:4   | Reached skill level 1 in Earth Magic
 17309 | Lair:4   | Found a hole to the Spider Nest.
 17697 | Lair:4   | Found a runed translucent door.
 18109 | Lair:5   | Offered knowledge of Sticky Flame by Vehumet.
 18373 | Lair:5   | Reached skill level 5 in Earth Magic
 18389 | Lair:5   | Noticed Rupert
 18522 | Lair:5   | Killed Rupert
 18786 | Lair:5   | Identified the +5 war axe of Psychosis {speed, Fly rF+++
                  | rC+ Str+3}
 18882 | Lair:5   | Found a staircase to the Slime Pits.
 18883 | Lair:5   | Found a viscous altar of Jiyva.
 19601 | Lair:5   | Reached XP level 14. HP: 92/95 MP: 21/25
 19629 | Lair:5   | Learned a level 6 spell: Statue Form
 19833 | Lair:6   | Entered Level 6 of the Lair of Beasts
 19872 | Lair:6   | Reached skill level 1 in Transmutations
 20708 | Lair:6   | Found a runed translucent door.
 20753 | Lair:6   | Reached skill level 5 in Transmutations
 21171 | Lair:6   | Paralysed by a hornet for 1 turns
 21173 | Lair:6   | HP: 4/95 [poisoned by a hornet]
 21183 | Lair:6   | Paralysed by a hornet for 2 turns
 21729 | Lair:6   | Found a runed translucent gate.
 21741 | Lair:6   | Found a runed translucent gate.
 21742 | Lair:6   | Found a runed translucent gate.
 21751 | Lair:6   | Noticed Fod Zemyr's ghost (journeyman FeSu)
 22646 | Lair:6   | Offered knowledge of Lightning Bolt by Vehumet.
 23437 | D:11     | Found a staircase to the Orcish Mines.
 23477 | D:11     | Found a transporter.
 23507 | D:11     | Found a bloodstained altar of Trog.
 23515 | D:11     | Noticed acepyromaniac2's ghost (journeyman GrGl)
 23518 | D:11     | Found a transporter.
 23690 | D:11     | Found a runed translucent door.
 24784 | D:12     | Acquired the +1 pair of gloves of Axyrph {Dex+2}
 25346 | D:12     | Noticed Snorg
 25363 | D:12     | Killed Snorg
 25364 | D:12     | Reached skill level 10 in Transmutations
 25820 | Orc:1    | Entered Level 1 of the Orcish Mines
 25820 | Orc:1    | Noticed Jorgrun
 25837 | D:11     | Reached XP level 15. HP: 95/100 MP: 26/26
 25884 | Orc:1    | Noticed Josephine
 26621 | D:11     | Killed Jorgrun
 26939 | D:11     | Killed Josephine
 27515 | D:11     | HP: 5/100 [orc knight/+3 vorpal battleaxe (4)]
 28210 | Orc:2    | Entered Level 2 of the Orcish Mines
 28270 | Orc:2    | Reached skill level 10 in Earth Magic
 28651 | Orc:1    | Offered knowledge of Iron Shot by Vehumet.
 29078 | Orc:2    | Found a staircase to the Elven Halls.
 29505 | Orc:2    | Noticed Donald
 29520 | Orc:2    | Annihilated by Donald

Illustrated notes

Levels and vault maps discovered:
D:1:      minmay_arrival_three_doors, layout_rooms
D:2:      layout_basic, basic_altar, nicolae_grassy_gnolls, uniq_natasha
D:3:      layout_basic, vehumet_statue, serial_shops, shop,
          nicolae_diamond_shop, shop, nicolae_shop_crystal, shop_fountains,
          hellmonk_ecumenical_altar_crossroads, portal_sewer_entry_b,
          gammafunk_ghost_nasty_kobolds
D:4:      layout_basic, st_stairs_13, uniq_eustachio, uniq_crazy_yiuf_cottage,
          uniq_sigmund
D:5:      layout_basic, serial_shops, shop
D:6:      layout_basic, lemuel_tele_altar
D:7:      layout_basic, minmay_temple_entry_junction_2
D:8:      layout_basic, mainiacjoe_overflow_small_starburst, lair_entry_dummy
D:9:      layout_rooms, mainiacjoe_overflow_alcove_1,
          mainiacjoe_overflow_catwalk_spiral, enter_bailey_3, sword_in_stone
D:10:     layout_basic, enter_trove_6, minmay_mirror_moons_of_madness
D:11:     dreamdust_labyrinth, layout_basic, gammafunk_ghost_wrathful_warriors
D:12:     layout_cave_pods, uniq_snorg
Lair:1:   layout_regular_city, uniq_sonja
Lair:2:   layout_chaotic_city, serial_bayou_shore_a,
          infiniplex_staircase_pool_2, uniq_harold
Lair:3:   layout_regular_city, minmay_shoals_entry_centaurs, grunt_megastairs_5,
          lemuel_fruit_tree
Lair:4:   layout_gridlike, nicolae_spider_entry_tight_spaces, serial_forest,
          infiniplex_forest_straight_2, infiniplex_forest_clump_curved,
          infiniplex_forest_lined_room_2, infiniplex_forest_lined_room_3,
          infiniplex_forest_end_2, infiniplex_forest_clump_curved,
          infiniplex_forest_straight_2, infiniplex_forest_clump_small,
          minivault_25, minivault_11, pf_torpor_hydra, infiniplex_staircase_pool
Lair:5:   layout_roguey, nicolae_slime_entry_slimehenge, grunt_megastairs_2,
          uniq_rupert
Lair:6:   hangedman_lair_caniforms_friends, layout_misc_corridors, wormcave,
          gammafunk_ghost_necromancy
Orc:1:    layout_caves, uniq_josephine, uniq_jorgrun
Orc:2:    st_orc_mages, layout_caves, mumra_transporter_accident, uniq_donald

Skill      XL: |  1  2  3  4  5  6  7  8  9 10 11 12 13 14 15 |
---------------+----------------------------------------------+-----
Ice Magic      | 5 6 |  6.0
Spellcasting   | 3 4 5 6 7 |  7.4
Polearms       | 6 11 14 | 14.0
Fighting       | 4 |  4.1
Conjurations   | 6 8 9 |  9.3
Armour         | 3 6 |  6.0
Shields        | 7 |  7.7
Translocations | 6 |  6.0
Dodging        | 6 |  6.0
Earth Magic    | 6 9 10 | 10.6
Transmutations | 10 11 | 11.4
Stealth        | |  2.1

Action                   |  1- 3 |  4- 6 |  7- 9 | 10-12 | 13-15 || total
-------------------------+-------+-------+-------+-------+-------++-------
Melee: Dagger            |    18 |    65 |       |       |       ||    83
       Punch             |       |     4 |     4 |       |     6 ||    14
       Spear             |       |    51 |    37 |       |       ||    88
       Tailslap          |       |     6 |       |       |       ||     6
       Demon trident     |       |       |   175 |   478 |  1015 ||  1668
Throw: Stone             |     1 |       |       |       |       ||     1
       Dart              |       |       |       |    17 |    19 ||    36
       Boomerang         |       |       |       |     3 |     1 ||     4
 Cast: Freeze            |    41 |     6 |       |       |       ||    47
       Frozen Ramparts   |     1 |    20 |    36 |    59 |   114 ||   230
       Ozocubu's Armour  |       |       |     3 |     2 |    10 ||    15
       Iskenderun's Myst |       |       |       |     2 |     2 ||     4
  Use: Scroll            |     1 |     3 |     9 |     8 |    11 ||    32
       Potion            |       |       |       |     3 |     6 ||     9
 Stab: Sleeping          |       |     4 |     4 |     8 |     4 ||    20
       Distracted        |       |     1 |       |       |     1 ||     2
       Held in net/web   |       |       |       |     1 |       ||     1
       Petrified         |       |       |       |       |     2 ||     2
Armor: Robe              |     5 |    21 |    45 |       |       ||    71
       Steam dragon scal |       |       |     3 |   106 |   238 ||   347
Dodge: Dodged            |    34 |    47 |   109 |   274 |   588 ||  1052
Block: Other             |     4 |    15 |    34 |    36 |   100 ||   189
       Reflection        |     1 |     1 |     3 |     9 |     7 ||    21
       Kite shield       |       |       |       |   182 |   274 ||   456

Table legend: (Time is in decaauts)
 A = Elapsed time spent in this place.
 B = Non-inter-level travel time spent in this place.
 C = Inter-level travel time spent in this place.
 D = Time resting spent in this place.
 E = Time spent auto-exploring this place.
 F = Levels seen in this place.
 G = Mean time per level.
                   A        B        C        D        E       F      G
               +--------+--------+--------+--------+--------+-----+--------+
         Total |  28826 |  28038 |    788 |   9149 |  11076 |  22 | 1310.3 |
       Dungeon |  15325 |  14810 |    515 |   4124 |   6685 |  12 | 1277.1 |
          Lair |  10279 |  10023 |    256 |   3818 |   3643 |   6 | 1713.2 |
  Orcish Mines |   1725 |   1710 |     15 |    638 |    420 |   2 |  862.5 |
         Sewer |    764 |    764 |      0 |    210 |    267 |   1 |  764.0 |
        Bailey |    731 |    731 |      0 |    359 |     59 |   1 |  731.0 |
               +--------+--------+--------+--------+--------+-----+--------+

Top non-repeatable levels by time:
    D:11: 3210 daAuts
  Lair:6: 2586 daAuts
  Lair:5: 2177 daAuts
     D:5: 1554 daAuts
  Lair:2: 1509 daAuts
  Lair:4: 1446 daAuts
     D:2: 1434 daAuts
  Lair:1: 1328 daAuts
    D:12: 1312 daAuts
  Lair:3: 1230 daAuts
     D:1: 1126 daAuts
     D:3: 1122 daAuts
    D:10: 1066 daAuts
   Orc:1: 1061 daAuts
     D:6: 1037 daAuts
